AoeStats
← rafaelarpad

Arena

508457097Analyzed
1v1 RM · 8d ago on Sep 22, 2026· 48m 22s· 2 players
Game mode
Random Map
Map size
Tiny (2 player)
Population
200
Speed
Normal
Resources
Standard
Victory
Conquest
Starting age
Dark Age
Ending age
Imperial Age
RankedLock teamsTeams togetherTeam positionsShared explorationLock speedFull tech treeHidden civsTurbo modeCheats
Victory
Defeat
🇨🇭 Khitans · Switzerland
984
+16
🇨🇿 Persians · Czechia
986
-16
rafaelarpad
12:07 Feudal Age
16:08 Castle Age
14:08 Double-Bit Axe
16:30 Forging
16:27 Scale Barding Armor
19:20 Gold Mining
19:35 Loom
20:31 Husbandry
22:17 Fervor
23:48 Chain Barding Armor
24:05 Iron Casting
22:53 Light Cavalry
23:40 Loom
26:48 Wheelbarrow
26:01 Domestication
28:13 Bow Saw
28:24 Town Watch
32:21 Imperial Age
30:48 Fletching
32:08 Bodkin Arrow
33:15 Heavy Camel Rider
33:26 Heavy Camel Rider
34:51 Plate Barding Armor
34:18 Bracer
35:01 Conscription
34:50 Ordo Cavalry
39:58 Two-Man Saw
40:29 Chemistry
41:26 Siege Engineers
43:11 Masonry
43:21 Ballistics
44:28 Sanctity
44:22 Padded Archer Armor
46:44 Leather Archer Armor
46:41 Lamellar Armor
8FeaR8
10:09 Feudal Age
15:24 Castle Age
14:13 Double-Bit Axe
14:10 Horse Collar
16:57 Wheelbarrow
17:46 Loom
21:25 Stone Mining
22:17 Gold Mining
22:43 Husbandry
23:07 Bloodlines
24:24 Forging
25:14 Heavy Plow
26:10 Hand Cart
26:43 Town Watch
30:00 Imperial Age
28:22 Gold Shaft Mining
28:03 Bow Saw
29:02 Iron Casting
28:21 Fletching
28:54 Scale Barding Armor
30:21 Masonry
29:44 Cavalier
30:45 Town Patrol
31:54 Blast Furnace
31:58 Architecture
32:32 Chemistry
32:04 Architecture
32:54 Citadels
33:06 Conscription
32:55 Devotion
33:39 Crop Rotation
33:35 Guilds
33:23 Savar
34:47 Chain Barding Armor
35:31 Faith
37:51 Kamandaran
37:47 Crossbowman
38:33 Thumb Ring
41:03 Bodkin Arrow
41:09 Padded Archer Armor
44:15 Leather Archer Armor
44:38 Plate Barding Armor
45:33 Ring Archer Armor
47:39 Two-Man Saw
Connection lost

Rejoining the realm…

Still unreachable

The connection could not be restored.

Session expired

The server has moved on; the page needs a fresh start.